 Dungeon Crawl Stone Soup version 0.29-a0-993-g4a18f31a58 (webtiles) character file.

Game seed: 6887868239912491610

82 Alarak the Conjurer (level 4, -7/24 HPs)
             Began as a Deep Elf Conjurer on Aug 3, 2022.
             Mangled by an ogre
             ... wielding a +0 giant club
              (18 damage)
             ... on level 4 of the Dungeon.
             The game lasted 00:03:06 (2505 turns).

Alarak the Conjurer (Deep Elf Conjurer)             Turns: 2505, Time: 00:03:08

Health: -7/24      AC:  2    Str:  4    XL:     4   Next: 21%
Magic:  5/10       EV: 12    Int: 25    God:
Gold:   86         SH:  5    Dex: 13    Spells: 8/9 levels left

rFire   . . .      SeeInvis .   k - +0 short sword
rCold   . . .      Faith    .   q - +2 buckler
rNeg    . . .      Spirit   .   a - +0 robe
rPois   .          Reflect  .   (no helmet)
rElec   .          Harm     .   (no cloak)
rCorr   .          Rampage  .   (no gloves)
Will    .....                   (no boots)
Stlth   ++........              (no amulet)
HPRegen 0.08/turn               (no ring)
MPRegen 0.12/turn               (no ring)

@: no status effects
A: no striking features
a: no special abilities


You were on level 4 of the Dungeon.
You visited 1 branch of the dungeon, and saw 4 of its levels.

You collected 86 gold pieces.

Inventory:

Hand Weapons
 k - a +0 short sword (weapon)
Armour
 a - a +0 robe (worn)
 j - a +0 pair of gloves
 q - a +2 buckler (worn)
Jewellery
 p - a ring of resist corrosion
Scrolls
 g - 6 scrolls of identify {unknown}
 i - a scroll of enchant weapon {unknown}
 m - a scroll of amnesia {unknown}
 n - a scroll of fear {unknown}
 r - a scroll of noise {unknown}
 s - a scroll of vulnerability {unknown}
 t - a scroll of blinking {unknown}
 u - a scroll of magic mapping {unknown}
Potions
 b - 2 potions of magic
 c - 3 potions of lignification {unknown}
 e - 2 potions of ambrosia {unknown}
 h - 2 potions of might {unknown}
 l - a potion of flight {unknown}
 o - 2 potions of curing {unknown}


   Skills:
 - Level 2.4 Dodging
 - Level 2.4 Stealth
 - Level 3.0 Spellcasting
 - Level 6.1 Conjurations
 + Level 1.5 Hexes


You had 8 spell levels left.
You knew the following spells:

 Your Spells              Type           Power      Damage    Failure   Level
a - Magic Dart            Conj           100%       1d8       1%          1

Your spell library contained the following spells:

 Spells                   Type           Power      Damage    Failure   Level
 Searing Ray              Conj           68%        2d6       1%          2
 Dazzling Flash           Conj/Hex       46%        N/A       9%          3
 Fulminant Prism          Conj/Hex       11%        3d9       28%         4
 Iskenderun's Mystic Bla  Conj/Tloc      19%        2d6       36%         4


Dungeon Overview and Level Annotations

Branches:
Dungeon (3/15)

Altars:
Makhleb
The Shining One


Message History

Found a stone staircase leading down.
You see here a hobgoblin corpse.
Things that are here:
a +0 dagger of draining; a +0 whip; a kobold corpse You see here a hobgoblin corpse.
Found a burning altar of Makhleb.
The blizzard demon shouts!
c - 3 glowing grey potions (gained 1)
You see here a hobgoblin corpse.
Things that are here:
a +0 dagger of draining; a +0 whip; a kobold corpse
Found a short sword.
There is a stone staircase leading down here.
u - a scroll labelled ANIQ COYFENOUXTI An ogre comes into view.
It is wielding a +0 giant club.
The magic dart hits the ogre.
The ogre is lightly wounded.
The ogre shouts!
You hear an angry hiss.
The magic dart hits the ogre.
The ogre is moderately wounded.
An adder comes into view.
A jackal comes into view.
The magic dart hits the ogre!
The ogre is heavily wounded.
The jackal barks!
You hear a shout!
The magic dart hits the ogre.
The ogre is severely wounded.
A kobold comes into view. It is wielding a +0 club.
The magic dart hits the ogre.
The ogre is severely wounded.
As you read the scroll labelled BABLYN AMURUDGH, it crumbles to dust.
Your body is wracked with pain!
The jackal convulses!
The ogre convulses!
The adder convulses!
The kobold convulses!
It was a scroll of torment.
You block the jackal's attack.
As you read the scroll labelled IWYID RUQAQEET, it crumbles to dust.
The creatures around you are filled with an inner flame!
It was a scroll of immolation.
The jackal bites you.
An ufetubus comes into view.
The ogre hits you with a +0 giant club!!
Ouch! That really hurt!
You die...

...........#.#.......#
........>....#########
###..##..##.....)..
............###....
###.##.#..........
..#....######.....
#!............#...
####..............
.........@#####...
...##...OhS.#
####......#....
#.#.!....##..#
#.#....#.# .#
#.#...K#.# #?.... .
....5#


You could see an ogre (inner flame), an adder (inner flame), an ufetubus
(wandering), a jackal (inner flame) and a kobold (inner flame).

Vanquished Creatures
  2 adders (D:2)
  An ufetubus (D:4)
  2 worms (D:2)
  An orc (D:4)
  3 ball pythons
  5 endoplasms
  3 giant cockroaches
  5 goblins
  6 hobgoblins
  A jackal (D:4)
  4 quokkas
  A bat (D:2)
  3 frilled lizards
  6 kobolds
  4 rats
47 creatures vanquished.

Notes
Turn   | Place    | Note
-------+----------+-------------------------------------------
     0 | D:1      | Alarak the Deep Elf Conjurer began the quest for the Orb.
     0 | D:1      | Reached XP level 1. HP: 10/10 MP: 6/6
   185 | D:1      | Found a faded altar of an unknown god.
   366 | D:1      | Reached XP level 2. HP: 14/15 MP: 0/8
   446 | D:1      | Reached skill level 5 in Conjurations
  1251 | D:2      | Reached XP level 3. HP: 19/19 MP: 6/9
  1745 | D:2      | Reached skill level 6 in Conjurations
  2273 | D:3      | Reached XP level 4. HP: 24/24 MP: 7/10
  2308 | D:3      | You fall into a shaft and drop 1 floor!
  2308 | D:4      | Found a glowing golden altar of the Shining One.
  2324 | D:4      | Reached skill level 1 in Hexes
  2462 | D:4      | Found a burning altar of Makhleb.
  2463 | D:4      | Noticed a blizzard demon
  2498 | D:4      | Noticed an ogre
  2505 | D:4      | Mangled by an ogre

Illustrated notes

Levels and vault maps discovered:
D:1:      minmay_arrival_glassed_features, layout_loops_cross,
          shapermc_ecumenical_altar_mp_vishouse
D:2:      layout_basic
D:3:      wad_lake_hut, layout_basic, serial_aquarium, aquarium_bridge_square
          [aquarium_subvault_bridge, aquarium_subvault_wall,
          aquarium_subvault_bridge, aquarium_subvault_window],
          aquarium_bridge_square [aquarium_subvault_bridge,
          aquarium_subvault_window, aquarium_subvault_wall,
          aquarium_subvault_wall], aquarium_window_1, aquarium_window_fake,
          aquarium_window_3, aquarium_view_2d, aquarium_balcony_3a,
          gup_sewer_entry_bowl, st_stairs_9, grunt_ministairs_6,
          minmay_quantized
D:4:      layout_rooms, lemuel_tele_altar, makhleb_altar_promises_db

Skill      XL: |  1  2  3  4 |
---------------+-------------+-----
Conjurations   | 5 6 |  6.1
Hexes          | 1 |  1.5
Dodging        | |  2.4
Stealth        | |  2.4
Spellcasting   | |  3.0

Action                   |  1- 3 |  4- 6 || total
-------------------------+-------+-------++-------
 Cast: Magic Dart        |    87 |    22 ||   109
  Use: Scroll            |       |     2 ||     2
Armor: Robe              |     2 |       ||     2
Dodge: Dodged            |    10 |     2 ||    12
Block: Buckler           |       |     1 ||     1

Table legend: (Time is in decaauts)
 A = Elapsed time spent in this place.
 B = Non-inter-level travel time spent in this place.
 C = Inter-level travel time spent in this place.
 D = Time resting spent in this place.
 E = Time spent auto-exploring this place.
 F = Levels seen in this place.
 G = Mean time per level.
                   A        B        C        D        E       F      G
               +--------+--------+--------+--------+--------+-----+--------+
         Total |   2503 |   2341 |    162 |      0 |   2132 |   4 |  625.8 |
       Dungeon |   2503 |   2341 |    162 |      0 |   2132 |   4 |  625.8 |
               +--------+--------+--------+--------+--------+-----+--------+

Top non-repeatable levels by time:
     D:2: 1143 daAuts
     D:1: 996 daAuts
     D:4: 196 daAuts
     D:3: 166 daAuts
